 Dungeon Crawl Stone Soup version 0.24-a0-479-g9a978d2894 (webtiles) character file.

Game seed: 2931344664435261969

1860 Gargoyl the Covered (level 8, -3/68 HPs)
             Began as a Centaur Abyssal Knight on July 6, 2019.
             Was a Priest of Lugonu.
             Killed by divine providence
             ... invoked by an orc priest
              (14 damage)
             ... on level 7 of the Dungeon.
             The game lasted 00:08:26 (6999 turns).

Gargoyl the Covered (Centaur Abyssal Knight)        Turns: 6999, Time: 00:08:26

Health: -3/68      AC: 12    Str: 15    XL:     8   Next: 89%
Magic:  11/11      EV:  3    Int: 11    God:    Lugonu [***...]
Gold:   296        SH:  0    Dex: 11    Spells: 7/7 levels left

rFire    . . .     SeeInvis .   h - +2 hand axe
rCold    . . .     Gourm    .   (no shield)
rNeg     . . .     Faith    .   g - +0 plate armour
rPois    .         Spirit   .   (helmet restricted)
rElec    .         Reflect  .   m - +0 cloak
rCorr    .         Harm     .   (no gloves)
MR       .....     Clarity  +   (no barding)
Stlth    ..........             (no amulet)
HPRegen  0.21/turn              l - +1 ring of protection
MPRegen  0.12/turn              (no ring)

@: very quick
A: large, hooves 3, horns 1, clarity, deformed body, speed 2, tough skin 3
a: Depart the Abyss, Bend Space, Banish, Renounce Religion


You were on level 7 of the Dungeon.
You worshipped Lugonu.
Lugonu was most pleased with you.
You were not hungry.

You visited 1 branch of the dungeon, and saw 7 of its levels.
You visited the Abyss 1 time.

You collected 296 gold pieces.

Inventory:

Hand Weapons
 a - a +1 hand axe
 h - a +2 hand axe (weapon)
Missiles
 b - 5 silver boomerangs
 d - 4 javelins (quivered)
Armour
 g - a +0 plate armour (worn)
 m - a +0 cloak (worn)
Jewellery
 l - a +1 ring of protection (left hand)
Wands
 k - a wand of digging (4)
 n - a wand of polymorph (6)
 u - a wand of clouds (2)
Scrolls
 j - a scroll of remove curse
 q - 2 scrolls of identify
 r - a scroll of magic mapping
Potions
 e - a potion of lignification
 p - 3 potions of curing
Comestibles
 c - 14 rations
 f - 2 chunks of flesh


   Skills:
 + Level 5.0 Fighting
 + Level 4.7 Axes
 + Level 1.1 Throwing
 * Level 5.5 Armour
 * Level 3.3 Dodging
 * Level 5.3 Invocations


You had 7 spell levels left.
You didn't know any spells.
Your spell library was empty.

Dungeon Overview and Level Annotations

Branches:
Dungeon (7/15)             Temple (0/1) D:7

Altars:
Makhleb

Annotations:
D:7 2 runed translucent doors, anet's ghost, novice DEWz


Innate Abilities, Weirdness & Mutations

You have hooves in place of feet.
Armour fits poorly on your strangely shaped body.
You cover ground very quickly.
You have extremely tough skin. (AC +3)
You have a pair of small horns on your head.
You possess an exceptional clarity of mind.


Message History

Unknown command.
Your plate armour prevents you from hitting the orc priest.
The orc priest is lightly wounded.
You hit the iguana but do no damage.
The orc priest hits you but does no damage.
The iguana barely misses you.
Unknown command.
You hit the orc priest but do no damage.
The orc priest is lightly wounded.
You hit the iguana.
You kill the iguana!
Lugonu accepts your kill.
The orc priest hits you with a +0 hand axe.
* * * LOW HITPOINT WARNING * * *
The orc priest invokes the aid of Beogh against you.
Beogh smites you!
* * * LOW HITPOINT WARNING * * *
The orc priest calls down the wrath of Beogh upon you.
Beogh smites you!
You die...

## #...#####)).#### ÷#
#......)(.((..# .#
...##..########.# #.
##>## .# #..# ##.# .
#..# ###.###
....#..##### #..÷..#
............####/)#.###
.....##..##.@.O.o[....#
.....
#..####..#.###....8
#### ##.. ##'### ##..
#.#. .... .... .⌠.⌠.#
..# '..>..'.
....#.⌠.⌠.#.#
..#.....#.# '### .


You could see an ogre and an orc priest.

Vanquished Creatures
  A sky beast (D:5)
  An ice beast (D:5)
  An ogre (D:6)
  A big kobold (D:7)
  8 bullfrogs
  3 wights (D:6)
  2 howler monkeys
  A crimson imp (D:7)
  A hound (D:6)
  5 orc priests
  2 jellies
  An orc wizard (D:6)
  4 centaur skeletons
  An iguana (D:7)
  A killer bee zombie (D:6)
  A howler monkey skeleton (D:7)
  3 adders
  4 gnolls (D:5)
  A white imp (Abyss:1)
  An ufetubus (Abyss:1)
  2 oozes
  3 worms
  3 dart slugs
  2 leopard geckos
  10 orcs
  4 ball pythons
  3 giant cockroaches
  3 goblins
  7 hobgoblins
  11 jackals
  7 kobolds
  4 quokkas
  5 bats
  6 frilled lizards
  A jackal skeleton (D:7)
  A quokka skeleton (D:4)
  3 rats
118 creatures vanquished.

Vanquished Creatures (others)
  A gargoyle (D:7)
1 creature vanquished.

Grand Total: 119 creatures vanquished

Notes
Turn   | Place    | Note
-------+----------+-------------------------------------------
     0 | Abyss:1  | Gargoyl the Centaur Abyssal Knight began the quest for the
                  | Orb.
     0 | Abyss:1  | Reached XP level 1. HP: 19/19 MP: 2/2
    65 | Abyss:1  | Reached XP level 2. HP: 13/26 MP: 3/3
    89 | Abyss:1  | Noticed a large abomination
   136 | Abyss:1  | Noticed a large abomination
   203 | Abyss:2  | Found a corrupted altar of Lugonu.
   238 | Abyss:2  | Noticed a large abomination
   276 | Abyss:2  | Noticed a sun demon
   278 | D:1      | Escaped the Abyss
   306 | D:1      | Reached * piety under Lugonu
   697 | D:1      | Reached XP level 3. HP: 21/31 MP: 4/4
  1446 | D:2      | Reached skill level 1 in Dodging
  1929 | D:2      | Reached XP level 4. HP: 37/40 MP: 5/5
  2251 | D:3      | Reached ** piety under Lugonu
  2896 | D:4      | Reached XP level 5. HP: 40/46 MP: 5/7
  3284 | D:4      | Found a burning altar of Makhleb.
  3539 | D:5      | Entered Level 5 of the Dungeon
  3809 | D:5      | Noticed an ice beast
  3810 | D:5      | Noticed a sky beast
  3810 | D:5      | Noticed an ogre
  4137 | D:5      | Reached XP level 6. HP: 34/52 MP: 6/8
  4445 | D:5      | Killed a sky beast
  4916 | D:5      | Killed an ice beast
  5006 | D:5      | Reached XP level 7. HP: 47/59 MP: 6/9
  5337 | D:6      | Reached *** piety under Lugonu
  5350 | D:6      | Reached skill level 1 in Throwing
  5518 | D:6      | HP: 3/60 [killer bee zombie (4)]
  5541 | D:6      | Reached XP level 8. HP: 19/67 MP: 3/11
  5981 | D:7      | Noticed a gargoyle
  6219 | D:7      | Gained mutation: You possess an exceptional clarity of
                  | mind. [potion of mutation]
  6219 | D:7      | Gained mutation: You have a pair of small horns on your
                  | head. [potion of mutation]
  6224 | D:7      | Banished a gargoyle
  6285 | D:7      | Reached skill level 5 in Armour
  6749 | D:7      | Found a large runed translucent door.
  6750 | D:7      | Found a large runed translucent door.
  6752 | D:7      | Noticed anet's ghost (novice DEWz)
  6766 | D:7      | Reached skill level 5 in Invocations
  6967 | D:7      | Found a staircase to the Ecumenical Temple.
  6989 | D:7      | Reached skill level 5 in Fighting
  6999 | D:7      | Killed from afar by an orc priest

Levels and vault maps discovered:
D:1:      eino_arrival_water_cross, layout_loops_ring
D:2:      layout_loops_corners, kennysheep_cross_bottleneck
D:3:      layout_loops_ring, first_ration
D:4:      layout_cave_pools, lightli_temple_of_fire
D:5:      layout_loops_ring
D:6:      layout_basic
D:7:      layout_rooms, minmay_temple_entry_hall, ebering_ghost_disaster_area,
          grunt_ogre_cave, grunt_ministairs_13

Skill      XL: |  1  2  3  4  5  6  7  8 |
---------------+-------------------------+-----
Axes           | 2 3 4 |  4.7
Dodging        | 1 2 3 |  3.3
Armour         | 2 3 4 5 |  5.5
Invocations    | 3 4 5 |  5.3
Fighting       | 4 5 |  5.0
Throwing       | 1 |  1.1

Action                   |  1- 3 |  4- 6 |  7- 9 || total
-------------------------+-------+-------+-------++-------
Melee: Hand axe          |   114 |   143 |   184 ||   441
       Kick              |    25 |    39 |    43 ||   107
       Headbutt          |       |       |    10 ||    10
Throw: Javelin           |       |     3 |       ||     3
Invok: Depart the Abyss  |     1 |       |       ||     1
       Banish            |       |       |     3 ||     3
  Use: Scroll            |     2 |     8 |       ||    10
       Potion            |     1 |       |    11 ||    12
  Eat: Chunk             |     1 |     5 |     4 ||    10
       Ration            |       |     1 |     1 ||     2
Armor: Leather armour    |     8 |       |       ||     8
       Scale mail        |    64 |    72 |    63 ||   199
       Plate armour      |       |       |    98 ||    98
       Skin              |       |       |     2 ||     2
Dodge: Dodged            |    59 |    59 |    66 ||   184

Table legend:
 A = Non-vault XP
 B = Vault XP
 C = Vault XP percentage of total XP
 D = Non-vault monster count
 E = Vault monster count
 F = Vault count percentage of total count
                 A         B        C        D         E       F
            +---------+---------+-------+---------+---------+-------
      Total |    2658 |       0 |   0.0 |     119 |       0 |   0.0
            +---------+---------+-------+---------+---------+-------
        D:1 |      44 |       0 |   0.0 |      23 |       0 |   0.0
        D:2 |      76 |       0 |   0.0 |      15 |       0 |   0.0
        D:3 |      23 |       0 |   0.0 |       8 |       0 |   0.0
        D:4 |     154 |       0 |   0.0 |      14 |       0 |   0.0
        D:5 |     453 |       0 |   0.0 |      13 |       0 |   0.0
        D:6 |     891 |       0 |   0.0 |      21 |       0 |   0.0
        D:7 |     999 |       0 |   0.0 |      23 |       0 |   0.0
    Abyss:1 |      18 |       0 |   0.0 |       2 |       0 |   0.0
            +---------+---------+-------+---------+---------+-------
